 Dungeon Crawl Stone Soup version 0.27.1-35-g4d5d836560 (console) character file.

Game seed: 1923594403220478370

70 grimtooth the Conjurer (level 4, -2/24 HPs)
             Began as a Tengu Conjurer on Mar 25, 2022.
             Killed from afar by Sigmund (8 damage)
             ... with a magic dart
             ... on level 3 of the Dungeon.
             The game lasted 00:05:43 (2787 turns).

grimtooth the Conjurer (Tengu Conjurer)             Turns: 2787, Time: 00:05:44

Health: -2/24      AC:  3    Str:  7    XL:     4   Next: 22%
Magic:  1/10       EV: 11    Int: 20    God:
Gold:   72         SH:  0    Dex: 12    Spells: 7/10 levels left

rFire    . . .     SeeInvis .   b - +1 short sword (freeze)
rCold    . . .     Faith    .   (no shield)
rNeg     . . .     Spirit   .   i - +0 leather armour {Will+}
rPois    +         Reflect  .   (helmet restricted)
rElec    .         Harm     .   (no cloak)
rCorr    .         Rampage  .   (no gloves)
Will     +....                  (boots unavailable)
Stlth    ++........             (no amulet)
HPRegen  0.08/turn              m - ring of poison resistance
MPRegen  0.12/turn              (no ring)

@: no status effects
A: beak, talons 3
a: no special abilities


You were on level 3 of the Dungeon.
You visited 1 branch of the dungeon, and saw 3 of its levels.

You collected 72 gold pieces.

Inventory:

Hand Weapons
 b - a +1 short sword of freezing (weapon)
Missiles
 c - 22 stones
 h - 23 sling bullets
 n - 17 poisoned darts (quivered)
 o - 4 boomerangs
Armour
 a - a +0 robe
 i - a +0 leather armour of willpower (worn)
Jewellery
 m - a ring of poison resistance (left hand)
Scrolls
 d - 2 scrolls of blinking {unknown}
 j - a scroll of identify {unknown}
 l - a scroll of fog {unknown}
Potions
 e - a potion of curing {unknown}
 f - a potion of degeneration {unknown}
 g - a potion of might {unknown}
 k - a potion of flight {unknown}


   Skills:
 - Level 2.1 Dodging
 - Level 2.0 Stealth
 * Level 3.5 Spellcasting
 + Level 6.0 Conjurations


You had 7 spell levels left.
You knew the following spells:

 Your Spells              Type           Power      Damage    Failure   Level
a - Magic Dart            Conj           100%       1d8       1%          1
b - Searing Ray           Conj           54%        3d5       2%          2

Your spell library contained the following spells:

 Spells                   Type           Power      Damage    Failure   Level
 Dazzling Flash           Conj/Hex       30%        N/A       17%         3
 Fulminant Prism          Conj/Hex       7%         3d7       50%         4
 Iskenderun's Mystic Bla  Conj/Tloc      15%        2d5       50%         4


Dungeon Overview and Level Annotations

Branches:
Dungeon (3/15)

Altars:
Elyvilon

Shops:
D:2 [

Annotations:
D:3 Sigmund


Innate Abilities, Weirdness & Mutations

You have a beak for a mouth.
You have claws for feet.


Message History

Aim: a ball python (moderately wounded, 100% to hit)
The magic dart hits the ball python!
You kill the ball python!
Found a robe.
Found 18 bolts.
Sigmund the Dreaded comes into view.
He is wielding a +3 scythe of protection.
Sigmund shouts!
Sigmund moves out of view.
Casting: Magic Dart (safe; 1% risk of failure)
Confirm with . or Enter, or press ? or * to list all spells.
Aiming: Searing Ray (safe; 2% risk of failure)
Press: ? - help, Shift-Dir - straight line, f - Sigmund
Aim: Sigmund, wielding a +3 scythe of protection and wearing a +0 robe (77% to hit)
The searing ray hits Sigmund but does no damage. (Press . to maintain the ray.)
The searing ray hits Sigmund.
Sigmund is lightly wounded.
The searing ray hits Sigmund!
Sigmund is heavily wounded.
Sigmund points at you and mumbles some strange words.
The puff of flame misses you.
The searing ray hits Sigmund!
Sigmund is almost dead.
You finish channeling your searing ray.
Sigmund gestures wildly while chanting.
Sigmund flickers and vanishes!
Deactivating autopickup; reactivate with Ctrl-A.
Casting: Searing Ray (safe; 2% risk of failure)
Confirm with . or Enter, or press ? or * to list all spells.
Aiming: Searing Ray (safe; 2% risk of failure)
Press: ? - help, Shift-Dir - straight line The searing ray hits something. (Press . to maintain the ray.)
Something hits you!
The searing ray hits something.
Something hits you!
* * * LOW HITPOINT WARNING * * *
You finish channeling your searing ray.
A magic dart appears from out of thin air!
The magic dart hits you!
You die...

+.......#...
####......## ##.#..###
###..### #####.....
#+# #......[## #.#
#.###...# #.# #.#
##### ##.## #.#
#####...### #.#
#..{..@...# #.#
#.###..(#.####.#
........###..........#
#.#####......##.######
#.####.##.# ..# #.##.#
#.# #.##.# ... .....#
... ...... .#...# ##
...#


There were no monsters in sight!

Vanquished Creatures
  Robin (D:2)
  An adder (D:3)
  A worm (D:2)
  A dart slug (D:1)
  2 bats
  5 endoplasms
  A giant cockroach (D:1)
  11 goblins
  8 hobgoblins
  A quokka (D:2)
  3 ball pythons
  3 kobolds
  2 rats (D:2)
40 creatures vanquished.

Notes
Turn   | Place    | Note
-------+----------+-------------------------------------------
     0 | D:1      | grimtooth the Tengu Conjurer began the quest for the Orb.
     0 | D:1      | Reached XP level 1. HP: 10/10 MP: 4/4
   424 | D:1      | Reached XP level 2. HP: 15/15 MP: 3/6
   942 | D:1      | Learned a level 2 spell: Searing Ray
  1240 | D:2      | Found Uhoxak's Antique Armour Boutique.
  1584 | D:2      | Reached XP level 3. HP: 19/19 MP: 1/8
  1775 | D:2      | Noticed Robin
  1780 | D:2      | Killed Robin
  2470 | D:3      | Reached skill level 6 in Conjurations
  2501 | D:3      | Found a white marble altar of Elyvilon.
  2509 | D:3      | Reached XP level 4. HP: 24/24 MP: 8/10
  2772 | D:3      | Noticed Sigmund
  2787 | D:3      | Killed from afar by Sigmund

Illustrated notes

Levels and vault maps discovered:
D:1:      elethiomel_arrival_maze, layout_basic
D:2:      layout_basic, serial_corexii_hall, chequers_hall_statues_corner_a,
          corexii_hall_statues_s, corexii_hall_statues_x, serial_shops, shop,
          minivault_27, uniq_robin
D:3:      layout_loops_corners, nicolae_tso_besieged_by_evil, elyvilon_altar_5,
          ebering_ecumenical_altar_webs, amcnicky_altar_lugonu_corruption,
          uniq_ijyb, uniq_crazy_yiuf_cottage, uniq_sigmund

Skill      XL: |  1  2  3 |
---------------+----------+-----
Spellcasting   | 3 |  3.5
Conjurations   | 6 |  6.0
Dodging        | |  2.1
Stealth        | |  2.0

Action                   |  1- 3 |  4- 6 || total
-------------------------+-------+-------++-------
Melee: Short sword       |    15 |     2 ||    17
       Peck              |     2 |     1 ||     3
 Cast: Magic Dart        |    57 |     5 ||    62
       Searing Ray       |     2 |     3 ||     5
Armor: Leather armour    |     5 |     2 ||     7
Dodge: Dodged            |     8 |     3 ||    11
